 Dungeon Sprint DCSS version 0.27-a0-1232-gc6a4cbde82 (webtiles) character file.

Game seed: 7033171960991436539

8630 mhtbhm the Eviscerator (level 11, -9/59 HPs)
             Began as a Felid Berserker on June 8, 2021.
             Was the Champion of Trog.
             Killed from afar by a deep elf annihilator (68 damage)
             ... with a crystal spear
             ... in the Dungeon (Sprint I: "Red Sonja").
             The game lasted 00:12:49 (6669 turns).

mhtbhm the Eviscerator (Felid Berserker)            Turns: 6669, Time: 00:12:50

Health: -9/59      AC:  3    Str: 16    XL:     11   Next: 12%
Magic:  10/10      EV: 28    Int: 13    God:    Trog [******]
Gold:   1837       SH:  5    Dex: 14    Spells: 10/10 levels left
                                        Lives:  0   Deaths: 2

rFire    + . .     SeeInvis +     - Unarmed
rCold    . . .     Faith    .   (shield unavailable)
rNeg     . . .     Spirit   .   (armour unavailable)
rPois    +         Reflect  +   (helmet unavailable)
rElec    .         Harm     .   (cloak unavailable)
rCorr    .         Rampage  .   (gloves unavailable)
Will     ++...     NoTele   +   (boots unavailable)
Stlth    +++++++...             s - amulet of reflection
HPRegen  0.19/turn              l - ring of Toqaq {rPois Int+3 Stlth+}
MPRegen  0.12/turn              m - ring of Mapy {Fire Will+}

@: studying Fighting, quick
A: very small, claws 1, fangs 3, see invisible, speed 1, shaggy fur 3, stealthy
paws, no weapons or thrown items, no armour, multi-lived, clumsy 1, low mp 1
a: Renounce Religion, Berserk, Trog's Hand, Brothers in Arms


You were in the Dungeon.
You worshipped Trog.
Trog was exalted by your worship.
You visited 1 branch You collected 4207 gold pieces.
You spent 2370 gold pieces at shops.

Inventory:

Jewellery
 k - a ring of protection from cold
 l - the ring of Toqaq (left paw) {rPois Int+3 Stlth+}
   (You bought it in a shop in the Dungeon)

   [ring of poison resistance]

   It affects your intelligence (+3).
   It protects you from poison.
   It makes you more stealthy.
 m - the ring of Mapy (right paw) {Fire Will+}
   (You bought it in a shop in the Dungeon)

   [ring of fire]

   It enhances your fire magic.
   It protects you from fire.
   It makes you vulnerable to cold.
   It increases your willpower.
 s - an amulet of reflection (around neck)
 y - a ring of ice
Wands
 i - a wand of acid (4)
 o - a wand of flame (12)
 x - a wand of digging (3)
Scrolls
 f - 2 scrolls of blinking
 h - 2 scrolls of vulnerability
 n - 2 scrolls of fear
 t - 3 scrolls of immolation
 w - a scroll of amnesia {unknown}
Potions
 a - 2 potions of curing
 b - a potion of heal wounds
 c - a potion of haste
 d - 2 potions of magic
 e - a potion of berserk rage
 g - a potion of ambrosia
 j - a potion of invisibility
 p - a potion of lignification
 q - a potion of might
 r - a potion of flight


   Skills:
 + Level 13.9 Fighting
 + Level 18.5 Dodging
 + Level 14.7 Stealth
 + Level 23.3 Unarmed Combat
 + Level 0.5 Evocations


You had 10 spell levels left.
You didn't know any spells.
Your spell library was empty.

Dungeon Overview and Level Annotations

Branches:
Dungeon (1/1)

Altars:
Cheibriados
Dithmenos
Elyvilon
Fedhas
Gozag
Hepliaklqana
Kikubaaqudgha
Makhleb
Nemelex Xobeh
Okawaru
Qazlal
Ru
Sif Muna
Trog
Uskayaw
Vehumet
Wu Jian
Xom
Yredelemnul
Zin
The Shining One
Jiyva
Lugonu

Shops:
D [*!(*:*!?(=*=*?**?([((


Innate Abilities, Weirdness & Mutations

You have sharp claws.
You have razor-sharp teeth.
You have supernaturally acute eyesight. (SInv)
You cover ground quickly. (Speed+)
Your thick and shaggy fur keeps you warm. (AC +3, rC+)
Your paws help you pounce on unaware monsters.
You are incapable of wielding weapons or throwing items.
You cannot wear armour.
You gain extra lives every three experience levels.
You are clumsy. (Dex -2)
Your magical capacity is low. (-10% MP)


Message History

There is an open door here.
There is an open door, spattered with blood here.
There is an open door, spattered with blood here.
You see here a +2 great sword of flaming.
You see here a +2 great sword of flaming.
There is an open door, spattered with blood here.
There is an open door, spattered with blood here.
There is an open door here.
You avoid triggering an arrow trap.
There is an arrow trap here.
Things that are here:
a +0 trident; a scroll of brand weapon
There is an open door, spattered with blood here.
You see here a hornet corpse.
Things that are here:
a +0 spear; a merfolk skeleton You see here the felid corpse of mhtbhm.
Aiming: Corrosive Bolt
Press: ? - help, Shift-Dir - straight line, f/p - deep elf annihilator
Aim: a deep elf annihilator, wielding the +2 rapier "Wupi" {holy, Fragile rF+ Will+ rCorr} and wearing a +0 leather armour (60% to hit)
The bolt of acid hits the deep elf annihilator.
The deep elf annihilator is lightly wounded.
Unknown command.
Unknown command.
Aiming: Corrosive Bolt
Press: ? - help, Shift-Dir - straight line, f/p - deep elf annihilator
Aim: a deep elf annihilator, wielding the +2 rapier "Wupi" {holy, Fragile rF+ Will+ rCorr} and wearing a +0 leather armour (lightly wounded, 60% to hit)
The bolt of acid hits the deep elf annihilator.
The deep elf annihilator is lightly wounded.
Unknown command.
Unknown command.
Aiming: Corrosive Bolt
Press: ? - help, Shift-Dir - straight line, f/p - deep elf annihilator
Aim: a deep elf annihilator, wielding the +2 rapier "Wupi" {holy, Fragile rF+ Will+ rCorr} and wearing a +0 leather armour (lightly wounded, 60% to hit)
The bolt of acid hits the deep elf annihilator.
The deep elf annihilator is lightly wounded.
The deep elf annihilator casts a spell at you.
The crystal spear hits you!!!
Ouch! That really hurt!
You die...

#######################
§.§§'§§.§§.§§§#^^'§§§.#
§####§§.§§##.§§.^#..§§##
§#.###§§§#######†#§§§.§#####
.#'#.###§#...##.)#..§§.#...#
##^..#y#)##...#.@##.§.§#)∩.#
°#...###..##..#..≈###§##...#
.°.....##.#...#..≈e)#.####'#
^#^....#..#.#.#..≈.##'#§.§§##
.###''##.##...#..≈##§§§§§§§.##
###..###..#'###..≈#^§§§§§^§.§#
####..###.).#
≈..##.^.§....§.##
#○.#..#.###.#
≈..#.....[....§§#
#°........#.# #.....:......#


You could see a deep elf annihilator.

Vanquished Creatures
  A golden dragon (D)
  A daeva (D)
  4 fire giants (D)
  A lorocyproca (D)
  A hydra (D)
  2 centaur warriors (D)
  A deep troll (D)
  A lindwurm (D)
  An oklob plant (D)
  2 merfolk sirens (D)
  A gargoyle (D)
  2 kobold demonologists (D)
  7 unseen horrors (D)
  4 demonic crawlers (D)
  A hellwing (D)
  4 hornets (D)
  A slime creature (D)
  Sigmund (D)
  2 redbacks (D)
  13 hogs (D)
  A yak (D)
  4 floating eyes (D)
  7 necrophages (D)
  An ogre (D)
  8 jellies (D)
  Ijyb (D)
73 creatures vanquished.

Vanquished Creatures (collateral kills)
  A shadow dragon (D)
  8 shining eyes (D)
  3 floating eyes (D)
12 creatures vanquished.

Vanquished Creatures (others)
  Sonja (D)
  A gargoyle (D)
  A hornet (D)
  2 ballistomycete spores (D)
5 creatures vanquished.

Grand Total: 90 creatures vanquished

Notes
Turn   | Place    | Note
-------+----------+-------------------------------------------
     0 | D        | mhtbhm the Felid Berserker began the quest for the Orb.
     0 | D        | Reached XP level 1. HP: 10/10 MP: 2/2
     1 | D        | Noticed Ijyb
    10 | D        | Killed Ijyb
    11 | D        | Reached skill level 5 in Dodging
    11 | D        | Reached skill level 4 in Unarmed Combat
    11 | D        | Reached XP level 2. HP: 12/15 MP: 3/3
   137 | D        | Noticed an ogre
   141 | D        | Killed an ogre
   142 | D        | Reached skill level 6 in Unarmed Combat
   142 | D        | Reached XP level 3. HP: 20/20 MP: 4/4
   142 | D        | Reached XP level 4. HP: 24/24 MP: 5/5
   291 | D        | Noticed Sigmund
   296 | D        | Killed Sigmund
   296 | D        | Reached ** piety under Trog
   297 | D        | Reached skill level 8 in Unarmed Combat
   297 | D        | Reached XP level 5. HP: 20/29 MP: 6/6
   461 | D        | Found an ornate altar of the Wu Jian Council.
   461 | D        | Found a shimmering blue altar of Sif Muna.
   463 | D        | Found a radiant altar of Vehumet.
   468 | D        | Reached skill level 10 in Dodging
   468 | D        | Gained mutation: You are covered in thick fur. (AC +2)
                  | [Felid growth]
   468 | D        | Reached XP level 6. HP: 33/33 MP: 7/7
   469 | D        | Found Gurydgh's Antique Weapon Emporium.
   469 | D        | Found an ancient bone altar of Kikubaaqudgha.
   469 | D        | Found a hazy altar of Hepliaklqana.
   469 | D        | Found a stormy altar of Qazlal.
   469 | D        | Found a hide-covered altar of Uskayaw.
   469 | D        | Found a blossoming altar of Fedhas.
   469 | D        | Found a bloodstained altar of Trog.
   469 | D        | Found an iron altar of Okawaru.
   469 | D        | Found a basalt altar of Yredelemnul.
   469 | D        | Found a glowing golden altar of the Shining One.
   469 | D        | Found a snail-covered altar of Cheibriados.
   469 | D        | Found a sacrificial altar of Ru.
   469 | D        | Found a glowing silver altar of Zin.
   469 | D        | Found a shadowy altar of Dithmenos.
   469 | D        | Found a white marble altar of Elyvilon.
   469 | D        | Noticed a yak
   478 | D        | Killed a yak
   479 | D        | Reached skill level 9 in Unarmed Combat
   479 | D        | Found an opulent altar of Gozag.
   480 | D        | Found a sparkling altar of Nemelex Xobeh.
   567 | D        | Found a burning altar of Makhleb.
   567 | D        | Found a viscous altar of Jiyva.
   567 | D        | Found a shimmering altar of Xom.
   567 | D        | Found a corrupted altar of Lugonu.
   567 | D        | Noticed a slime creature
   572 | D        | Killed a slime creature
   572 | D        | Reached *** piety under Trog
   573 | D        | Reached skill level 10 in Unarmed Combat
   573 | D        | Reached XP level 7. HP: 38/38 MP: 8/8
   716 | D        | Noticed a kobold demonologist
   717 | D        | Noticed a kobold demonologist
   718 | D        | Paralysed by a floating eye for 4 turns
   726 | D        | Killed a kobold demonologist
   727 | D        | Reached skill level 10 in Fighting
   727 | D        | Reached skill level 11 in Unarmed Combat
   729 | D        | Killed a kobold demonologist
   729 | D        | Reached **** piety under Trog
   730 | D        | Reached XP level 8. HP: 31/43 MP: 9/9
   813 | D        | Killed a gargoyle
   886 | D        | Noticed Sonja
   989 | D        | Killed Sonja
   990 | D        | Reached skill level 12 in Unarmed Combat
  1186 | D        | Found Qaschet's Armour Boutique.
  1316 | D        | Noticed a deep troll
  1323 | D        | Killed a deep troll
  1324 | D        | Reached skill level 5 in Stealth
  1324 | D        | Reached skill level 13 in Unarmed Combat
  1324 | D        | Reached XP level 9. HP: 24/48 MP: 10/10
  1334 | D        | Found Ustingau's Armour Emporium.
  1566 | D        | Noticed a centaur warrior
  1568 | D        | Noticed a centaur warrior
  1574 | D        | Killed a centaur warrior
  1579 | D        | Killed a centaur warrior
  1580 | D        | Reached skill level 14 in Unarmed Combat
  1727 | D        | Reached skill level 15 in Dodging
  1737 | D        | Noticed an oklob plant
  1743 | D        | Killed an oklob plant
  1744 | D        | Reached skill level 15 in Unarmed Combat
  1744 | D        | Reached XP level 10. HP: 54/54 MP: 11/11
  1931 | D        | Reached ***** piety under Trog
  2223 | D        | Reached ****** piety under Trog
  2268 | D        | Reached skill level 16 in Unarmed Combat
  2291 | D        | Found Winnok's Distillery.
  2291 | D        | Found Zayll's General Store.
  2291 | D        | Found Zipnuage's Magic Scroll Boutique.
  2293 | D        | Found Muxkal's Weapon Emporium.
  2293 | D        | Found Siriena's Jewellery Shop.
  2293 | D        | Found Nuqepiom's General Store.
  2293 | D        | Found Jukiqom's Jewellery Boutique.
  2293 | D        | Found Juit's General Store.
  2293 | D        | Found Vowoism's Magic Scroll Shop.
  2293 | D        | Found Rorifea's Assorted Antiques.
  2295 | D        | Bought a scroll of identify for 20 gold pieces
  2296 | D        | Bought a potion of heal wounds for 50 gold pieces
  2297 | D        | Found Leothrea's Assorted Antiques.
  2298 | D        | Found Jomn's Weapon Emporium.
  2298 | D        | Found Dyujuep's Magic Scroll Boutique.
  2299 | D        | Found Ovviommal's Weapon Emporium.
  2303 | D        | Bought the ring of Toqaq {rPois Int+3 Stlth+} for 469 gold
                  | pieces
  2303 | D        | Bought the ring of Mapy {Fire Will+} for 488 gold pieces
  2453 | D        | Noticed a gargoyle
  2457 | D        | Killed a gargoyle
  2486 | D        | Noticed a lindwurm
  2491 | D        | Killed a lindwurm
  2492 | D        | Reached skill level 10 in Stealth
  2492 | D        | Reached skill level 17 in Unarmed Combat
  2599 | D        | Reached XP level 11. HP: 58/58 MP: 12/12
  2626 | D        | Reached skill level 18 in Unarmed Combat
  2718 | D        | Noticed a daeva
  2930 | D        | Noticed a 12-headed hydra
  2932 | D        | Killed a 12-headed hydra
  2933 | D        | Reached skill level 19 in Unarmed Combat
  2997 | D        | Noticed a shadow dragon
  2997 | D        | Noticed a golden dragon
  3007 | D        | Killed a shadow dragon
  3015 | D        | Killed a golden dragon
  3016 | D        | Reached skill level 20 in Unarmed Combat
  3183 | D        | Found Nolub's Weapon Shoppe.
  3286 | D        | Noticed a shining eye
  3286 | D        | Noticed a shining eye
  3286 | D        | Noticed a shining eye
  3286 | D        | Noticed a shining eye
  3286 | D        | Noticed a shining eye
  3286 | D        | Noticed a shining eye
  3288 | D        | Killed a shining eye
  3289 | D        | Killed a shining eye
  3290 | D        | Gained mutation: Your thick and shaggy fur keeps you warm.
                  | (AC +3, rC+) [Felid growth]
  3290 | D        | Reached XP level 12. HP: 63/63 MP: 13/13
  3294 | D        | Gained mutation: Your magical capacity is low. (-10% MP) [a
                  | shining eye]
  3296 | D        | Gained mutation: You are clumsy. (Dex -2) [a shining eye]
  3301 | D        | Reached skill level 21 in Unarmed Combat
  3304 | D        | Found Cupn's Assorted Antiques.
  3304 | D        | Found Guunuo's Assorted Antiques.
  3304 | D        | Found Qiompekh's Distillery.
  3304 | D        | Found Qas Nao's Book Boutique.
  3410 | D        | Bought a scroll of identify for 22 gold pieces
  3410 | D        | Bought a scroll of identify for 22 gold pieces
  3412 | D        | Bought a scroll labelled NAOLUZ HAYKHUF for 24 gold pieces
  3412 | D        | Bought a scroll labelled WETWUCABOE for 24 gold pieces
  3412 | D        | Bought a red potion for 21 gold pieces
  3412 | D        | Bought a murky puce potion for 21 gold pieces
  3413 | D        | Bought a bubbling inky potion for 21 gold pieces
  3413 | D        | Bought 3 scrolls labelled AZEUWK NUYQ for 72 gold pieces
  3414 | D        | Bought a scroll of identify for 24 gold pieces
  3414 | D        | Bought a scroll of identify for 24 gold pieces
  3418 | D        | Acquired a manual of Fighting
  3423 | D        | Bought a potion of heal wounds for 55 gold pieces
  3423 | D        | Bought a scroll of identify for 22 gold pieces
  3428 | D        | Bought a potion of invisibility for 88 gold pieces
  3431 | D        | Bought a scroll of blinking for 105 gold pieces
  3431 | D        | Bought a scroll of identify for 28 gold pieces
  3444 | D        | Bought a ring of protection from cold for 350 gold pieces
  3444 | D        | Bought an amulet of reflection for 420 gold pieces
  3521 | D        | Noticed a lorocyproca
  3537 | D        | Killed a lorocyproca
  5340 | D        | Noticed a fire giant
  5347 | D        | Noticed a fire giant
  5354 | D        | Killed a fire giant
  5357 | D        | Killed from afar by a fire giant
  5357 | D        | Noticed a fire giant
  5358 | D        | Reached XP level 11. HP: -2/87 MP: 10/10
  5551 | D        | Killed a fire giant
  5552 | D        | Reached skill level 22 in Unarmed Combat
  5589 | D        | Noticed a fire giant
  5607 | D        | Killed a fire giant
  5784 | D        | Killed a fire giant
  6014 | D        | Killed a daeva
  6015 | D        | Reached skill level 23 in Unarmed Combat
  6015 | D        | Reached XP level 12. HP: 57/63 MP: 11/11
  6184 | D        | Noticed a deep elf annihilator
  6377 | D        | Identified the +2 rapier "Wupi" {holy, Fragile rF+ Will+
                  | rCorr}
  6596 | D        | Killed from afar by a deep elf annihilator
  6597 | D        | Reached XP level 11. HP: -1/59 MP: 10/10
  6669 | D        | Killed from afar by a deep elf annihilator

Illustrated notes

Levels and vault maps discovered:
D:        dungeon_sprint_1 [red_sonja_temple_1, red_sonja_temple_small_1]

Skill      XL: |  1  2  3  4  5  6  7  8  9 10 11 12 |
---------------+-------------------------------------+-----
Fighting       | 4 6 7 9 10 11 12 13 | 13.9
Dodging        | 5 7 9 10 11 12 13 15 16 17 18 | 18.5
Unarmed Combat | 4 6 8 10 11 13 15 17 23 21 | 23.3
Stealth        | 2 4 5 6 10 14 13 | 14.7
Evocations     | |  0.5

Action                   |  1- 3 |  4- 6 |  7- 9 | 10-12 || total
-------------------------+-------+-------+-------+-------++-------
Melee: Unarmed           |     9 |    16 |    33 |   179 ||   237
       Bite              |       |     3 |     5 |    29 ||    37
       Punch             |       |       |     6 |    15 ||    21
Invok: Berserk           |     2 |     3 |     5 |    16 ||    26
       Brothers in Arms  |       |       |     1 |     5 ||     6
Evoke: Wand              |       |       |       |     6 ||     6
  Use: Potion            |       |       |     1 |     3 ||     4
       Scroll            |       |       |       |    14 ||    14
 Stab: Sleeping          |       |     1 |     1 |     6 ||     8
Armor: Skin              |       |       |     1 |     5 ||     6
Dodge: Dodged            |     4 |     5 |    33 |   103 ||   145
Block: Other             |       |       |       |     6 ||     6

Table legend: (Time is in decaauts)
 A = Elapsed time spent in this place.
 B = Non-inter-level travel time spent in this place.
 C = Inter-level travel time spent in this place.
 D = Time resting spent in this place.
 E = Time spent auto-exploring this place.
 F = Levels seen in this place.
 G = Mean time per level.
                   A        B        C        D        E       F      G
               +--------+--------+--------+--------+--------+-----+--------+
         Total |   6580 |   6580 |      0 |   5102 |      0 |   1 | 6580.0 |
       Dungeon |   6580 |   6580 |      0 |   5102 |      0 |   1 | 6580.0 |
               +--------+--------+--------+--------+--------+-----+--------+

Top non-repeatable levels by time:
       D: 6580 daAuts
